 Dungeon Crawl Stone Soup version 0.30.1-4-g462c640d31 (webtiles) character file.

Game seed: 9279234501110210636

189 rvierbuc the Slasher (level 5, -3/39 HPs)
             Began as a Demonspawn Gladiator on Aug 21, 2023.
             Slain by a sky beast (6 damage)
             ... on level 3 of the Dungeon.
             The game lasted 00:19:38 (2531 turns).

rvierbuc the Slasher (Demonspawn Gladiator)         Turns: 2531, Time: 00:19:40

Health: -3/39      AC:  7    Str: 16    XL:     5   Next: 40%
Magic:  5/5        EV: 12    Int:  9    God:
Gold:   132        SH:  0    Dex: 15    Spells: 4/4 levels left

rFire   . . .        a - +0 long sword
rCold   . . .        (no shield)
rNeg    + . .        b - +0 leather armour
rPois   .            c - +0 helmet
rElec   .            o - +0 cloak
rCorr   .            (no gloves)
SInv    .            (no boots)
Will    .....        v - amulet of the acrobat
Stlth   ++           t - ring of positive energy
HPRegen 0.26/turn    (no ring)
MPRegen 0.09/turn

%: acrobat
@: no status effects
A: yellow scales 1, spiny 1, demonic magic 1
a: no special abilities


You were on level 3 of the Dungeon.
You visited 1 branch of the dungeon, and saw 4 of its levels.

You collected 132 gold pieces.

Inventory:

Hand Weapons
 a - a +0 long sword (weapon)
Missiles
 d - 3 throwing nets (quivered)
 e - a javelin
Armour
 b - a +0 leather armour (worn)
 c - a +0 helmet (worn)
 o - a +0 cloak (worn)
Jewellery
 t - a ring of positive energy (left hand)
 v - an amulet of the acrobat (around neck)
Wands
 s - a wand of iceblast (4)
 u - a wand of flame (28)
Scrolls
 f - 2 scrolls of identify {unknown}
 g - a scroll of vulnerability {unknown}
 i - 4 scrolls of teleportation {unknown}
 j - 3 scrolls of amnesia {unknown}
 k - a scroll of brand weapon {unknown}
 m - a scroll of enchant weapon {unknown}
 n - a scroll of noise {unknown}
 q - a scroll of fear {unknown}
Potions
 h - 2 potions of magic {unknown}
 l - 2 potions of heal wounds {unknown}
 p - 3 potions of flight {unknown}
 r - a potion of ambrosia {unknown}
 w - a potion of mutation {unknown}
 x - a potion of attraction {unknown}


   Skills:
 + Level 2.6 Fighting
 + Level 4.1 Long Blades
 + Level 1.9 Throwing
 + Level 1.7 Armour
 + Level 3.3 Dodging
 + Level 1.1 Stealth


You had 4 spell levels left.
You didn't know any spells.
Your spell library contained the following spells:

 Spells                   Type           Power      Damage    Failure   Level
 Summon Small Mammal      Summ           0%         N/A       45%         1
 Ensorcelled Hibernation  Hex/Ice        0%         N/A       58%         2
 Passwall                 Tmut/Erth      0%         N/A       58%         2
 Call Canine Familiar     Summ           0%         N/A       83%         3
 Stone Arrow              Conj/Erth      0%         3d7       83%         3
 Summon Guardian Golem    Hex/Summ       0%         N/A       83%         3
 Swiftness                Air            0%         N/A       83%         3
 Animate Armour           Summ/Erth      0%         N/A       99%         4
 Lehudib's Crystal Spear  Conj/Erth      0%         10d2      100%        8


Dungeon Overview and Level Annotations

Branches:
Dungeon (4/15)
 Temple: D:4-7

Altars:

Shops:
D:2 [   D:3 (:![

Annotations:
D:4 Edmund


Innate Abilities, Weirdness & Mutations

You are partially covered in yellow scales. (AC +2)
You are partially covered in sharp spines.
Spells you cast may paralyse adjacent enemies.


Message History

You barely miss the kobold.
The kobold is severely wounded.
The kobold barely misses you. The goblin is struck by your spines.
You kill the goblin!
The kobold misses you.
The sky beast flickers out of sight!
Deactivating autopickup; reactivate with Ctrl-A.
You miss the kobold.
The kobold is severely wounded.
The kobold closely misses you.
You hit the kobold.
You kill the kobold!
Something hits you but does no damage.
You closely miss something. Something hits you but does no damage.
You barely miss something. Something hits you. Something shocks you.
You barely miss something.
A sky beast appears from thin air!
Reactivating autopickup.
The sky beast hits you but does no damage.
The sky beast flickers out of sight!
Deactivating autopickup; reactivate with Ctrl-A.
Something hits you. Something shocks you.
You barely miss something. Something hits you. Something shocks you.
You closely miss something. Something hits you. Something shocks you.
* * * LOW HITPOINT WARNING * * *
You barely miss something. Something hits you but does no damage.
You don't know any spells.
Okay, then.
You hit something. Something hits you.
* * * LOW HITPOINT WARNING * * *
Something shocks you.
* * * LOW HITPOINT WARNING * * *
Something hits you but does no damage.
A sky beast appears from thin air!
Reactivating autopickup.
You barely miss the sky beast.
The sky beast is heavily wounded.
The sky beast hits you but does no damage.
The sky beast is struck by your spines. The sky beast hits you.
* * * LOW HITPOINT WARNING * * *
The sky beast shocks you.
You die...

####.## #.##.. ##.## #.....
#...# ####.# #. #...# #.#
#. #...######.. #.
#........... #.
#####...#.##....
#####.####..............#.
........Y@.......(........
#.##...§##................
#....)..#######...#.......
......)..#######..........#
.###..#.......##...######.#
.....#..>....##...# #..
..##. #......†##...# ### #
.. #...........##### ##
#.......#.......#


You could see a sky beast.

Vanquished Creatures
  A jelly (D:4)
  2 iguanas (D:4)
  2 adders
  2 worms
  2 dart slugs (D:1)
  5 orcs (D:3)
  10 ball pythons
  6 endoplasms
  4 giant cockroaches
  7 goblins
  4 hobgoblins
  7 jackals (D:3)
  8 kobolds
  3 quokkas
  4 bats
  3 frilled lizards (D:1)
  4 rats
74 creatures vanquished.

Notes
Turn   | Place    | Note
-------+----------+-------------------------------------------
     0 | D:1      | rvierbuc the Demonspawn Gladiator began the quest for the
                  | Orb.
     0 | D:1      | Reached XP level 1. HP: 16/16 MP: 1/1
   292 | D:1      | Gained mutation: You are partially covered in yellow
                  | scales. (AC +2) [demonic ancestry]
   292 | D:1      | Reached XP level 2. HP: 8/22 MP: 2/2
   420 | D:1      | Reached skill level 3 in Long Blades
   514 | D:1      | Reached XP level 3. HP: 13/27 MP: 3/3
   951 | D:2      | Found Veyqum's Antique Armour Shop.
  1091 | D:2      | Reached skill level 1 in Armour
  1356 | D:2      | You fall into a shaft and drop 2 floors!
  1524 | D:4      | Gained mutation: Spells you cast may paralyse adjacent
                  | enemies. [demonic ancestry]
  1524 | D:4      | Reached XP level 4. HP: 17/34 MP: 4/4
  1718 | D:4      | Gained mutation: You are partially covered in sharp spines.
                  | [demonic ancestry]
  1718 | D:4      | Reached XP level 5. HP: 32/39 MP: 5/5
  1724 | D:4      | Reached skill level 4 in Long Blades
  1787 | D:4      | Noticed Edmund
  2077 | D:4      | Reached skill level 1 in Stealth
  2129 | D:3      | Found Guwuadi's Book Shop.
  2132 | D:3      | Found Dex Kate's Antique Armour Shoppe.
  2257 | D:3      | Found Eklu Bes's Weapon Shop.
  2380 | D:3      | Found Asoemim's Distillery.
  2515 | D:3      | Noticed a sky beast
  2531 | D:3      | Slain by a sky beast

Illustrated notes

Levels and vault maps discovered:
D:1:      spicycebolla_arrival_ecumenical, layout_basic, serial_bayou_pond_b
D:2:      layout_loops_corners, serial_shops, nicolae_square_shop,
          serial_bayou_pond_d, nicolae_figureground_pulse
D:3:      layout_loops_cross, lemuel_coloured_pillars_altar, serial_shops,
          nicolae_square_shop, nicolae_shop_tiny_waterfront, shop, shop, shop
D:4:      layout_loops_cross, uniq_edmund

Skill      XL: |  1  2  3  4  5 |
---------------+----------------+-----
Dodging        | 3 |  3.3
Long Blades    | 3 4 |  4.1
Armour         | 1 |  1.7
Stealth        | 1 |  1.1
Fighting       | |  2.6
Throwing       | |  1.9

Action                     |  1- 3 |  4- 6 || total
---------------------------+-------+-------++-------
  Melee: Long sword        |   142 |    82 ||   224
         Unarmed           |       |    17 ||    17
   Stab: Sleeping          |     2 |     3 ||     5
 Armour: Leather armour    |    51 |    40 ||    91
  Dodge: Dodged            |   103 |    59 ||   162
